 Dungeon Crawl Stone Soup version 0.29.1-15-g9cfb28693d (webtiles) character file.

Game seed: 14586427771069111428

180 growler the Ruffian (level 5, -3/40 HPs)
             Began as a Draconian Transmuter on Mar 4, 2023.
             Slain by an orc warrior
             ... wielding a +6 flail
              (22 damage)
             ... on level 4 of the Dungeon.
             The game lasted 00:08:43 (3624 turns).

growler the Ruffian (Draconian Transmuter)          Turns: 3624, Time: 00:08:45

Health: -3/40      AC:  2    Str: 12    XL:     5   Next: 33%
Magic:  6/9        EV: 19    Int: 16    God:
Gold:   171        SH:  0    Dex: 22    Spells: 4/10 levels left

rFire   . . .      SeeInvis .     - Unarmed
rCold   . . .      Faith    .   (shield currently unavailable)
rNeg    . . .      Spirit   .   (body armour unavailable)
rPois   x          Reflect  .   (helmet currently unavailable)
rElec   .          Harm     .   (cloak currently unavailable)
rCorr   .          Rampage  .   (gloves currently unavailable)
Will    .....                   (boots currently unavailable)
Stlth   ++........              (no amulet)
HPRegen 0.13/turn               e - +6 ring of dexterity
MPRegen 0.11/turn               (no ring)

@: spider-form (expiring)
A: venomous fangs, AC +5, tiny, unfitting armour, (cold-blooded)
a: End Transformation


You were on level 4 of the Dungeon.
You were a venomous arachnid creature.
You visited 1 branch of the dungeon, and saw 4 of its levels.

You collected 171 gold pieces.

Inventory:

Armour
 l - a +2 pair of gloves (melded)
 m - a +0 cloak (melded)
Jewellery
 e - a +6 ring of dexterity (left front leg)
Wands
 j - a wand of quicksilver (7)
Scrolls
 d - a scroll of blinking {unknown}
 g - a scroll of torment {unknown}
 h - 3 scrolls of teleportation
 i - a scroll of brand weapon {unknown}
 k - a scroll of enchant weapon {unknown}
 p - 2 scrolls of fog {unknown}
 q - 2 scrolls of amnesia {unknown}
 s - a scroll of vulnerability {unknown}
Potions
 a - a potion of lignification
 b - 4 potions of heal wounds
 c - a potion of brilliance
 f - 2 potions of curing
 n - 2 potions of ambrosia
 o - a potion of cancellation {unknown}
 r - 2 potions of mutation {unknown}


   Skills:
 - Level 1.1 Fighting
 - Level 1.7 Dodging
 + Level 4.4 Unarmed Combat
 - Level 3.0 Spellcasting
 + Level 3.8 Transmutations


You had 4 spell levels left.
You knew the following spells:

 Your Spells              Type           Power      Damage    Failure   Level
a - Beastly Appendage     Tmut           28%        N/A       13%         1
b - Wereblood             Tmut           14%        N/A       17%         2
c - Spider Form           Tmut/Pois      8%         N/A       47%         3

Your spell library contained the following spells:

 Spells                   Type           Power      Damage    Failure   Level
 Sublimation of Blood     Necr           2%         N/A       50%         2
 Ice Form                 Ice/Tmut       8%         N/A       83%         4
 Petrify                  Tmut/Erth      8%         N/A       83%         4
 Irradiate                Conj/Tmut      4%         3d13      98%         5


Dungeon Overview and Level Annotations

Branches:
Dungeon (4/15)
 Temple: D:4-7

Altars:
Hepliaklqana
Okawaru


Innate Abilities, Weirdness & Mutations

You are a venomous arachnid creature.
You have poisonous fangs.
You are tiny and dextrous.
Your spellcasting is less reliable in this form.
Your armour is entirely melded.
You are incapable of wielding weapons or throwing items.
((Your plain brown scales are hard. (AC +5)))
You cannot fit into any form of body armour.
((You are cold-blooded and may be slowed by cold attacks.))


Message History

The goblin throws a stone.
The stone hits you but does no damage.
The goblin throws a stone.
The stone closely misses you.
You punch the goblin!
You kill the goblin!
s - a scroll labelled WUAWYN ZYFRE
Things that are here:
a +0 dagger; 8 stones; a goblin corpse
There is an open door here.
You open the door.
Found a long sword.
You see here a +0 long sword.
You open the door.
There is an open door here.
Found a hazy altar of Hepliaklqana.
An orc warrior comes into view. It is wielding a +6 flail.
Casting: Wereblood (safe; 6% risk of failure)
Confirm with . or Enter, or press ? or * to list all spells.
The spell is quite dangerous to miscast (26% risk of failure)!
Continue anyway?
You turn into a venomous arachnid creature.
Your +0 cloak melds into your body.
Your +2 pair of gloves melds into your body.
Found a faded altar of an unknown god.
The orc warrior closely misses you.
You hit the orc warrior.
The orc warrior is poisoned.
The orc warrior is lightly wounded.
The orc warrior hits you with a +6 flail!!
Ouch! That really hurt!
The orc warrior blocks your attack.
The orc warrior is lightly wounded.
The orc warrior closely misses you. The orc warrior blocks your attack.
The orc warrior is lightly wounded.
The orc warrior closely misses you.
You hit the orc warrior.
The orc warrior looks as sick as possible!
The orc warrior is moderately wounded.
Your transformation is almost over.
The orc warrior hits you with a +6 flail!!
Ouch! That really hurt!
You die...

#............# ####
#....###.... #........#'###
#...# #.##........
#........#.# #._.#
#+#####..... ##.###.###.#
#.§.# ............ #.#
#...#######§..#####.........
#.#
#..§§§§§§§§§......#.....####
#.#
##.§§§§§§§§§#...8.#......###
#.#
##.§§§§§§§§§......#....#....
#.#
#..§#######s..#####....#####
#.###.###.....#.o.# .......
### #.............#._.#
....... ....
########.......#...# .......
#### ...............#####
....... ####....#.......
....... #....#.......
#...)#....... #....#.......


You could see an orc warrior (extremely poisoned).

Vanquished Creatures
  An orc priest (D:3)
  An iguana (D:4)
  An orc wizard (D:4)
  3 adders
  A worm (D:2)
  A dart slug (D:1)
  7 orcs
  3 endoplasms
  4 giant cockroaches
  9 goblins
  5 hobgoblins
  3 jackals (D:1)
  8 kobolds
  5 ball pythons
  7 rats
59 creatures vanquished.

Notes
Turn   | Place    | Note
-------+----------+-------------------------------------------
     0 | D:1      | growler the Draconian Transmuter began the quest for the
                  | Orb.
     0 | D:1      | Reached XP level 1. HP: 16/16 MP: 3/3
   271 | D:1      | Reached XP level 2. HP: 23/23 MP: 5/5
   274 | D:1      | Learned a level 2 spell: Wereblood
  1336 | D:2      | Reached XP level 3. HP: 27/28 MP: 6/6
  1340 | D:2      | Learned a level 3 spell: Spider Form
  2381 | D:3      | Found an iron altar of Okawaru.
  2397 | D:3      | Reached XP level 4. HP: 26/35 MP: 5/8
  2405 | D:3      | Reached skill level 4 in Unarmed Combat
  3001 | D:3      | Found a faded altar of an unknown god.
  3253 | D:4      | Reached XP level 5. HP: 32/40 MP: 7/9
  3614 | D:4      | Found a hazy altar of Hepliaklqana.
  3615 | D:4      | Noticed an orc warrior
  3619 | D:4      | Found a faded altar of an unknown god.
  3624 | D:4      | Slain by an orc warrior

Illustrated notes

Levels and vault maps discovered:
D:1:      spicycebolla_green_bress_n_ham_2, layout_basic,
          hangedman_decor_slide_cut, nicolae_concentric_dashed_squares_mild
D:2:      layout_loops_ring, hangedman_abyss_or_decor_stabs
D:3:      layout_basic, okawaru_trees_2, ebering_ecumenical_altar_webs,
          skrybe_limestone_x
D:4:      layout_basic, beargit_hepliaklqana_dungeon_heroes,
          minmay_close_crescents, uniq_robin

Skill      XL: |  1  2  3  4 |
---------------+-------------+-----
Transmutations | 3 |  3.8
Spellcasting   | 3 |  3.0
Unarmed Combat | 4 |  4.4
Fighting       | |  1.1
Dodging        | |  1.7

Action                   |  1- 3 |  4- 6 || total
-------------------------+-------+-------++-------
Melee: Unarmed           |   132 |    74 ||   206
       Tailslap          |    15 |     4 ||    19
       Kick              |     9 |     5 ||    14
       Headbutt          |     2 |     4 ||     6
       Punch             |     4 |     3 ||     7
 Cast: Beastly Appendage |     7 |     4 ||    11
       Wereblood         |     1 |     1 ||     2
       Spider Form       |       |     1 ||     1
  Use: Scroll            |     4 |     3 ||     7
 Stab: Sleeping          |     2 |     1 ||     3
Armor: Skin              |    40 |    32 ||    72
Dodge: Dodged            |    73 |    41 ||   114
